 Dungeon Crawl Stone Soup version 0.30-b1-2-g02819fbbbe (webtiles) character file.

Game seed: 3783594680034470776

3939 EarthwalkerPL the Fighter (level 10, -6/93 HPs)
             Began as a Minotaur Fighter on May 3, 2023.
             Mangled by a hornet (9 damage)
             ... on level 9 of the Dungeon.
             The game lasted 00:09:57 (8271 turns).

EarthwalkerPL the Fighter (Minotaur Fighter)        Turns: 8271, Time: 00:09:58

Health: -6/93      AC: 12    Str: 32    XL:     10   Next: 1%
Magic:  9/9        EV: 10    Int:  5    God:
Gold:   761        SH:  5    Dex:  9    Spells: 9/9 levels left

rFire   . . .        a - +0 war axe
rCold   . . .        c - +0 buckler
rNeg    . . .        b - +0 scale mail
rPois   .            (helmet restricted)
rElec   .            K - +0 cloak
rCorr   +            v - +1 pair of gloves
SInv    .            (no boots)
Will    .....        w - amulet of the acrobat Stlth
                     o - ring of resist corrosion
HPRegen 0.35/turn    y - +6 ring of strength
MPRegen 0.11/turn

%: acrobat
@: lethally poisoned (-6 -> -20), attractive, hasted and slowed
A: horns 2, retaliatory headbutt
a: no special abilities


You were on level 9 of the Dungeon.
You visited 2 branches of the dungeon, and saw 10 of its levels.

You collected 761 gold pieces.

Inventory:

Hand Weapons
 a - a +0 war axe (weapon)
 L - a +2 scimitar of flaming
Missiles
 u - 30 poisoned darts (quivered)
 E - 2 throwing nets
 H - 4 boomerangs
Armour
 b - a +0 scale mail (worn)
 c - a +0 buckler (worn)
 v - a +1 pair of gloves (worn)
 K - a +0 cloak (worn)
Jewellery
 o - a ring of resist corrosion (left hand)
 r - an amulet of magic regeneration
 w - an amulet of the acrobat (around neck)
 y - a +6 ring of strength (right hand)
 z - a ring of positive energy
 D - a ring of protection from fire
 G - a +4 ring of protection
Wands
 B - a wand of paralysis (24)
 I - a wand of polymorph (11)
Scrolls
 e - 3 scrolls of fear {unknown}
 f - 3 scrolls of magic mapping {unknown}
 g - 4 scrolls of blinking {unknown}
 i - 3 scrolls of immolation {unknown}
 j - 2 scrolls of summoning {unknown}
 k - a scroll of torment {unknown}
 l - 5 scrolls of teleportation {unknown}
 m - 4 scrolls of vulnerability {unknown}
 p - 3 scrolls of poison {unknown}
 q - 2 scrolls of amnesia {unknown}
 s - 9 scrolls of identify {unknown}
 x - a scroll of enchant armour {unknown}
 F - a scroll of fog {unknown}
Potions
 d - 2 potions of might
 h - 2 potions of lignification
 n - a potion of flight {unknown}
 t - a potion of attraction
 A - a potion of invisibility {unknown}
 C - 2 potions of degeneration {unknown}
 J - a potion of magic {unknown}
 M - a potion of haste
 N - a potion of brilliance {unknown}


   Skills:
 * Level 10.0 Fighting
 * Level 9.5 Axes
 * Level 10.0 Armour
 + Level 7.5 Shields


You had 9 spell levels left.
You didn't know any spells.
Your spell library contained the following spells:

 Spells                   Type           Power      Damage    Failure   Level
 Beastly Appendage        Tmut           0%         N/A       71%         1
 Freeze                   Ice            0%         1d3       71%         1
 Cigotuvi's Dreadful Rot  Necr/Pois/Air  0%         N/A       85%         2
 Wereblood                Tmut           0%         N/A       85%         2
 Frozen Ramparts          Ice            0%         1d1       97%         3
 Hailstorm                Conj/Ice       0%         3d3       97%         3
 Ignite Poison            Fire/Tmut/Pois 0%         N/A       97%         3
 Spider Form              Tmut/Pois      0%         N/A       97%         3
 Stone Arrow              Conj/Erth      0%         3d7       97%         3
 Animate Armour           Summ/Erth      0%         N/A       100%        4
 Manifold Assault         Tloc           0%         N/A       100%        4
 Freezing Cloud           Conj/Ice/Air   0%         6-21      100%        5
 Dispersal                Tloc           0%         N/A       100%        6
 Disjunction              Tloc           0%         N/A       100%        8
 Lehudib's Crystal Spear  Conj/Erth      0%         10d2      100%        8


Dungeon Overview and Level Annotations

Branches:
Dungeon (9/15)             Temple (1/1) D:5             Orc (0/2) D:9
   Lair: D:8-11

Altars:
Ashenzari
Cheibriados
Dithmenos
Elyvilon
Fedhas
Gozag
Hepliaklqana
Kikubaaqudgha
Nemelex Xobeh
Qazlal
Ru
Sif Muna
Trog
Uskayaw
Vehumet
Wu Jian
Xom
Yredelemnul
Zin
The Shining One

Shops:
D:8 [


Innate Abilities, Weirdness & Mutations

You have a pair of horns on your head.
You reflexively headbutt those who attack you in melee.


Message History

You slash the hornet! Your headbutt misses the hornet.
The hornet is heavily wounded.
You feel sick. The hornet closely misses you. The hornet stings you!
You are more poisoned.
You feel as though you will be slow longer.
You barely miss the hornet. Your headbutt misses the hornet.
The hornet is heavily wounded.
You feel very sick.
The hornet stings you but does no damage.
You block the hornet's attack. The hornet stings you!
You feel as though you will be slow longer.
You are too injured to fight recklessly!
You are too injured to fight recklessly!
Unknown command.
You hit the hornet but do no damage.
The hornet is heavily wounded.
You feel very sick. The hornet stings you.
You are more poisoned.
You suddenly lose the ability to move!
The hornet stings you.
* * * LOW HITPOINT WARNING * * *
You are lethally poisoned!
You feel as though you will be slow longer.
You can move again.
Unknown command.
Okay, then.
It was a potion of attraction.
You feel attractive to monsters.
* * * LOW HITPOINT WARNING * * *
You feel extremely sick. The hornet misses you. You furiously retaliate!
You headbutt the hornet! The hornet stings you.
* * * LOW HITPOINT WARNING * * *
You feel as though you will be slow longer.
It was a potion of haste.
You feel yourself speed up.
* * * LOW HITPOINT WARNING * * *
You feel extremely sick.
The hornet stings you but does no damage. x2
The hornet stings you!
You die...

#..#....#.# .
.......#..#....#.# .
.......#..#....#.# .
..<....#..#....#.# .
.......#..###'##.+
####..#
.......#.........#
...#..#
.......#........##
...+..#
......†#........# #
...#..#
(.....y@........# #
...#..#
####...#........+ #
...#..#
#...+.......## #
...#..# #...#.......#
# ...#<.#
#...#.......# ######
...#..# #...#.......#
#..... ...#..#
#...§§##########.....
#'##..# ....§##
#........
......#########
#........


You could see a hornet.

Vanquished Creatures
  Maggie (D:8)
  Psyche (D:8)
  2 shadows
  A wyvern (D:9)
  2 steam dragons
  2 water moccasins (D:6)
  2 orc warriors
  3 sky beasts
  2 ice beasts (D:6)
  An ogre (D:6)
  3 kobold brigands
  A bullfrog (D:6)
  A gnoll sergeant (D:7)
  3 scorpions
  4 howler monkeys
  4 orc priests
  9 hounds
  A jelly (D:6)
  A gnoll bouda (D:6)
  2 iguanas
  4 orc wizards
  Terence (D:3)
  5 sleepcaps
  2 adders
  12 gnolls
  A shadow imp (D:6)
  2 white imps (D:6)
  An ufetubus (D:6)
  A worm (D:4)
  17 orcs
  10 endoplasms
  6 giant cockroaches
  12 goblins
  9 hobgoblins
  9 jackals (D:3)
  4 quokkas
  4 ball pythons
  4 bats
  3 frilled lizards (D:1)
  15 kobolds
  10 rats
178 creatures vanquished.

Vanquished Creatures (others)
  A shadow (D:9)
  4 plants (D:1)
5 creatures vanquished.

Grand Total: 183 creatures vanquished

Notes
Turn   | Place    | Note
-------+----------+-------------------------------------------
     0 | D:1      | EarthwalkerPL the Minotaur Fighter began the quest for the
                  | Orb.
     0 | D:1      | Reached XP level 1. HP: 19/19 MP: 0/0
    87 | D:1      | Reached XP level 2. HP: 24/27 MP: 1/1
   442 | D:1      | Reached XP level 3. HP: 33/33 MP: 2/2
   957 | D:2      | Identified the +5 robe of the Dungeon {Rampage Int+4}
  1479 | D:3      | Reached XP level 4. HP: 37/41 MP: 3/3
  1497 | D:3      | Found a shimmering blue altar of Sif Muna.
  1515 | D:3      | Found a broken altar of Ashenzari.
  1527 | D:3      | Noticed Terence
  1534 | D:3      | Killed Terence
  2214 | D:4      | Reached XP level 5. HP: 38/47 MP: 4/4
  2224 | D:4      | Reached skill level 5 in Fighting
  2224 | D:4      | Reached skill level 5 in Armour
  2534 | D:4      | Found a hide-covered altar of Uskayaw.
  2625 | D:4      | Reached XP level 6. HP: 52/56 MP: 5/5
  2892 | D:4      | Found a hazy altar of Hepliaklqana.
  3130 | D:5      | Entered Level 5 of the Dungeon
  3268 | D:5      | Reached skill level 5 in Axes
  3652 | D:5      | Reached XP level 7. HP: 63/63 MP: 6/6
  3705 | D:5      | Found a staircase to the Ecumenical Temple.
  3714 | Temple   | Entered the Ecumenical Temple
  4262 | D:6      | Reached skill level 5 in Shields
  4514 | D:6      | HP: 1/96 [water moccasin (5)]
  4952 | D:6      | Reached XP level 8. HP: 61/73 MP: 7/7
  5819 | D:7      | Reached XP level 9. HP: 36/82 MP: 8/8
  6141 | D:7      | Identified the +0 ring mail "Yxout" {Dex+3}
  6271 | D:7      | Found a basalt altar of Yredelemnul.
  6730 | D:8      | Found Plog's Antique Armour Emporium.
  6830 | D:8      | Noticed Maggie
  6854 | D:8      | Killed Maggie
  7293 | D:8      | Noticed Psyche
  7297 | D:8      | Killed Psyche
  7321 | D:8      | Found a bloodstained altar of Trog.
  7416 | D:8      | Found an ornate altar of the Wu Jian Council.
  7790 | D:9      | Found a staircase to the Orcish Mines.
  7959 | D:9      | Found a glowing golden altar of the Shining One.
  8127 | D:9      | Found an ancient bone altar of Kikubaaqudgha.
  8263 | D:9      | Reached skill level 10 in Fighting
  8263 | D:9      | Reached skill level 10 in Armour
  8263 | D:9      | Reached XP level 10. HP: 89/93 MP: 9/9
  8269 | D:9      | Paralysed by a hornet for 1 turns
  8271 | D:9      | HP: 3/93 [poisoned by a hornet]
  8271 | D:9      | Mangled by a hornet

Illustrated notes

Levels and vault maps discovered:
D:1:      minmay_arrival_solitary_statue, layout_loops_cross, serial_forest,
          infiniplex_forest_clump_C, infiniplex_forest_end_1,
          infiniplex_forest_end_3, infiniplex_forest_fountain,
          infiniplex_forest_clump_large, infiniplex_forest_corner_1,
          infiniplex_forest_3_way, infiniplex_forest_straight_4,
          minmay_worlds_worst_comb
D:2:      layout_rooms, minmay_goblin_kobold_house
D:3:      layout_basic, mainiacjoe_overflow_brackets, evilmike_ruin_ashenzari,
          uniq_terence
D:4:      layout_basic, lemuel_crystal_altar, worldfamousw_hep_ancestral_shrine
D:5:      layout_basic, minmay_temple_entry_water_ring
D:6:      layout_basic, kennysheep_diamond
D:7:      layout_basic, amcnicky_altar_gilded
D:8:      layout_loops_ring, marbit_many_paths,
          mainiacjoe_overflow_tiny_flanked, serial_shops, shop,
          patterned_corridor, uniq_psyche, uniq_maggie
D:9:      layout_irregular_city, overflow_temple_1_default,
          lightli_temple_of_fire, mainiacjoe_overflow_paths, orc_0_dummy
Temple:   chequers_temple_sunken

Skill      XL: |  1  2  3  4  5  6  7  8  9 |
---------------+----------------------------+-----
Armour         | 4 5 6 7 8 10 | 10.0
Fighting       | 4 5 6 7 8 10 | 10.0
Axes           | 3 4 5 6 7 9 |  9.5
Shields        | 4 5 6 7 |  7.5

Action                     |  1- 3 |  4- 6 |  7- 9 | 10-12 || total
---------------------------+-------+-------+-------+-------++-------
  Melee: War axe           |    88 |    99 |   256 |     6 ||   449
         Headbutt          |    13 |    16 |    39 |       ||    68
  Throw: Dart              |       |     5 |    11 |     1 ||    17
    Use: Potion            |       |       |     3 |     2 ||     5
 Armour: Scale mail        |    52 |    42 |   116 |     4 ||   214
         Skin              |       |       |    14 |       ||    14
  Dodge: Dodged            |    46 |    50 |   102 |     5 ||   203
  Block: Buckler           |    20 |    29 |    48 |     1 ||    98
